 Dungeon Sprint DCSS version 0.26-a0-695-g987792ac36 (webtiles) character file.

Game seed: 10282249361351781716

51703 schets the Green Death (level 14, -22/144 HPs)
             Began as a Hill Orc Monk on Oct 24, 2020.
             Was a High Priest of Fedhas.
             Annihilated by Aheivog the pandemonium lord (33 damage)
             ... in the Dungeon (Sprint VII: "The Pits") on Oct 25, 2020.
             The game lasted 00:19:59 (4476 turns).

schets the Green Death (Hill Orc Monk)              Turns: 4476, Time: 00:19:59

Health: -22/144    AC: 19    Str: 19    XL:     14   Next: 60%
Magic:  15/31      EV: 14    Int: 13    God:    Fedhas [*****.]
Gold:   68         SH: 14    Dex: 13    Spells: 34/34 levels left

rFire    . . .     SeeInvis +   r - +2 scimitar "Jasav" {venom, rElec rC+ MR+ SInv}
rCold    + . .     Faith    .   D - +0 tower shield
rNeg     . . .     Spirit   .   t - +4 chain mail
rPois    .         Reflect  .   (no helmet)
rElec    +         Harm     .   b - +0 cloak
rCorr    .         Rampage  .   (no gloves)
MR       ++...     NoTele   +   (no boots)
Stlth    ..........             (no amulet)
HPRegen  0.34/turn              n - +3 ring of intelligence
MPRegen  0.22/turn              o - +3 ring of evasion

@: no status effects
A: no striking features
a: Wall of Briars, Grow Ballistomycete, Overgrow, Grow Oklob, Renounce Religion


You were in the Dungeon.
You worshipped Fedhas.
Fedhas was extremely pleased with you.
You visited 1 branch You collected 68 gold pieces.

Inventory:

Hand Weapons
 m - a +0 vorpal hand axe
 r - the +2 scimitar "Jasav" (weapon) {venom, rElec rC+ MR+ SInv}
   (You found it in the Dungeon)

   It poisons the flesh of those it strikes.
   It protects you from cold.
   It insulates you from electricity.
   It affects your resistance to hostile enchantments.
   It lets you see invisible.
 s - a +2 war axe of freezing
 E - a +5 vorpal broad axe
Armour
 b - a +0 cloak (worn)
 t - a +4 chain mail (worn)
 D - a +0 tower shield (worn)
Jewellery
 n - a +3 ring of intelligence (left hand)
 o - a +3 ring of evasion (right hand)
 x - an uncursed ring of protection from fire
 C - an uncursed ring of ice
Wands
 u - a wand of digging (4)
Scrolls
 h - 3 scrolls of blinking
 j - 4 scrolls of remove curse
 k - 5 scrolls of amnesia
 l - a scroll of summoning
 y - 2 scrolls of identify
 z - 2 scrolls of enchant weapon
 A - a scroll of fear
 B - 2 scrolls of enchant armour
Potions
 a - 2 potions of invisibility
 c - 7 potions of curing
 d - 4 potions of heal wounds
 e - a potion of haste
 f - 2 potions of magic
 g - 4 potions of berserk rage
 p - 4 potions of might
 q - 2 potions of brilliance
 v - a potion of resistance
 w - 2 potions of stabbing
Miscellaneous
 i - a phial of floods


   Skills:
 + Level 18.6 Fighting
 - Level 15.0 Axes
 + Level 17.0 Armour
 + Level 13.8 Dodging
 - Level 1.5 Stealth
 + Level 4.9 Shields
 + Level 10.9 Spellcasting
 * Level 26.0 Invocations


You had 34 spell levels left.
You didn't know any spells.
Your spell library contained the following spells:

 Spells                   Type           Power        Failure   Level
 Gell's Gravitas          Tloc           #.........   100%        3
 Portal Projectile        Hex/Tloc       #.....       100%        3
 Dispersal                Tloc           #.........   100%        6
 Disjunction              Tloc           #.........   100%        8


Dungeon Overview and Level Annotations

Branches:
Dungeon (1/1)

Altars:
Ashenzari
Cheibriados
Dithmenos
Elyvilon
Fedhas
Gozag
Hepliaklqana
Kikubaaqudgha
Makhleb
Nemelex Xobeh
Okawaru
Qazlal
Ru
Sif Muna
Trog
Uskayaw
Vehumet
Wu Jian
Xom
Yredelemnul
Zin
The Shining One
Beogh
Jiyva
Lugonu

Annotations:
D Ignacio


Message History

Unknown command.
Unknown command.
You miss Aheivog.
Aheivog is almost dead.
Ignacio hits your oklob plant with a +6 executioner's axe of pain!
Ignacio hits your oklob plant with a +6 executioner's axe of pain!!
Ignacio hits your oklob plant with a +6 executioner's axe of pain!
Ignacio hits your oklob plant but does no damage.
Ignacio hits your oklob plant with a +6 executioner's axe of pain.
Ignacio hits your oklob plant with a +6 executioner's axe of pain!!
Ignacio hits your oklob plant with a +6 executioner's axe of pain!
Ignacio hits your oklob plant but does no damage.
Aheivog hits you!!!
* * * LOW HITPOINT WARNING * * *
Ignacio hits your oklob plant with a +6 executioner's axe of pain! x2
Ignacio hits your oklob plant with a +6 executioner's axe of pain.
Ignacio hits your oklob plant with a +6 executioner's axe of pain!!
Aheivog hits you!!
You die...
Fedhas appreciates your contribution to the ecosystem.

... #...#.............
....##..#..*...........#
.......)PP.............#
.....1.12..............#
....2XP..P.............#
....##..#.*............#
... #...#.....)........#
. #....#.&...[........#
.....###@...........#
......## ##..........##
......# ##..).)...##
###### ####''####
#######')####
###......)P...###
##...............##
#.......).........#
#.................#


You could see Ignacio (fast, corroded), Aheivog (corroded), a reaper, a friendly
oklob plant (summoned), 2 friendly ballistomycetes and 2 friendly ballistomycete
spores.

Vanquished Creatures
  Khufu (D)
  Jory (D)
  A hellephant (D)
  2 Orb Guardians (D)
  An azure jelly (D)
  Louise (D)
  A death ooze (D)
  A hell knight (D)
  A shadow wraith (D)
  An orc sorcerer (D)
  A freezing wraith (D)
  A redback (D)
  A flying skull (D)
  A warg (D)
  A scorpion (D)
  5 wights (D)
  A mummy (D)
  A gnoll (D)
  An adder (D)
  A river rat (D)
  An ooze (D)
  An adder zombie (D)
  A worm (D)
  3 orcs (D)
  A giant cockroach (D)
  A hobgoblin (D)
  A kobold (D)
  A quokka (D)
  A rat (D)
36 creatures vanquished.

Vanquished Creatures (collateral kills)
  An orb of fire (D)
  A greater mummy (D)
  A Killer Klown (D)
  the Lernaean hydra (D)
  A bone dragon (D)
  4 Orb Guardians (D)
  A deep elf master archer (D)
  A quicksilver dragon (D)
  A titan (D)
  A nagaraja (D)
  A balrug (D)
  A draconian stormcaller (D)
  An angel (D)
  A green draconian (D)
  A purple draconian (D)
  A deep elf death mage (D)
  A boulder beetle (D)
  A spriggan air mage (D)
  A death knight (D)
  Sonja (D)
  2 deep elf knights (D)
  5 hell knights (D)
  2 deep trolls (D)
  An unseen horror (D)
  A necromancer (D)
  An orc knight (D)
  A phantasmal warrior (D)
  2 deep elf magi (D)
  A deep elf archer (D)
  An orc sorcerer (D)
  2 cyclopes (D)
  An elephant (D)
  Joseph (D)
  A black mamba (D)
  Psyche (D)
  A hellion (D)
  A kobold demonologist (D)
  A tormentor (D)
  A komodo dragon (D)
  A guardian mummy (D)
  A troll (D)
  A red devil (D)
  A polar bear (D)
  2 jumping spiders (D)
  3 blink frogs (D)
  5 dream sheep (D)
  A tarantella (D)
  A steam dragon (D)
  A black bear (D)
  A phantom (D)
  6 wolves (D)
  A centaur (D)
  3 big kobolds (D)
  A bullfrog (D)
  4 wights (D)
  A crimson imp (D)
  2 mummies (D)
  An adder (D)
  4 orcs (D)
  A ball python (D)
  A bat (D)
  3 kobolds (D)
  41 ballistomycete spores (D)
  4 crawling corpses (D)
141 creatures vanquished.

Vanquished Creatures (others)
  An Orb Guardian (D)
  A lorocyproca (D)
  5 ballistomycete spores (D)
7 creatures vanquished.

Grand Total: 184 creatures vanquished

Notes
Turn   | Place    | Note
-------+----------+-------------------------------------------
     0 | D        | schets the Hill Orc Monk began the quest for the Orb.
     0 | D        | Reached XP level 1. HP: 19/19 MP: 1/1
    16 | D        | Reached skill level 1 in Armour
    16 | D        | Reached XP level 2. HP: 13/28 MP: 2/2
    18 | D        | Found a bloodstained altar of Trog.
    18 | D        | Found a shimmering blue altar of Sif Muna.
    18 | D        | Found a viscous altar of Jiyva.
    18 | D        | Found a hazy altar of Hepliaklqana.
    18 | D        | Found an opulent altar of Gozag.
    19 | D        | Found a glowing golden altar of the Shining One.
    19 | D        | Found a glowing silver altar of Zin.
    19 | D        | Found a basalt altar of Yredelemnul.
    19 | D        | Found a shimmering altar of Xom.
    19 | D        | Found an ornate altar of the Wu Jian Council.
    19 | D        | Found a sacrificial altar of Ru.
    19 | D        | Found a stormy altar of Qazlal.
    19 | D        | Found an iron altar of Okawaru.
    19 | D        | Found a sparkling altar of Nemelex Xobeh.
    19 | D        | Found a burning altar of Makhleb.
    19 | D        | Found a blossoming altar of Fedhas.
    19 | D        | Found a white marble altar of Elyvilon.
    19 | D        | Found a shadowy altar of Dithmenos.
    19 | D        | Found a snail-covered altar of Cheibriados.
    20 | D        | Found a radiant altar of Vehumet.
    20 | D        | Found a corrupted altar of Lugonu.
    20 | D        | Found a roughly hewn altar of Beogh.
    21 | D        | Found a hide-covered altar of Uskayaw.
    21 | D        | Found an ancient bone altar of Kikubaaqudgha.
    21 | D        | Found a broken altar of Ashenzari.
    28 | D        | Became a worshipper of Fedhas Madash
    28 | D        | Reached * piety under Fedhas
    28 | D        | Reached ** piety under Fedhas
   284 | D        | Reached skill level 1 in Invocations
   289 | D        | Reached skill level 5 in Axes
   325 | D        | Noticed a crimson imp
   333 | D        | Reached *** piety under Fedhas
   333 | D        | Reached skill level 2 in Invocations
   334 | D        | Killed a crimson imp
   334 | D        | Reached skill level 5 in Fighting
   334 | D        | Reached skill level 3 in Invocations
   334 | D        | Reached XP level 3. HP: 20/36 MP: 0/5
   532 | D        | Reached skill level 5 in Invocations
   532 | D        | Reached XP level 4. HP: 42/42 MP: 1/7
   535 | D        | Reached skill level 6 in Invocations
   535 | D        | Reached XP level 5. HP: 45/50 MP: 1/9
   545 | D        | Reached **** piety under Fedhas
   545 | D        | Reached skill level 7 in Invocations
   550 | D        | Reached skill level 5 in Armour
   550 | D        | Reached skill level 8 in Invocations
   749 | D        | Noticed a flying skull
   752 | D        | Killed a flying skull
   752 | D        | Reached skill level 5 in Dodging
   752 | D        | Reached skill level 9 in Invocations
   752 | D        | Reached XP level 6. HP: 61/61 MP: 4/13
   758 | D        | Reached ***** piety under Fedhas
   758 | D        | Reached skill level 10 in Invocations
   766 | D        | Reached XP level 7. HP: 64/68 MP: 6/14
   855 | D        | Noticed a redback
   859 | D        | Killed a redback
   859 | D        | Reached skill level 11 in Invocations
  1232 | D        | Noticed a troll
  1232 | D        | Noticed an orc knight
  1232 | D        | Noticed a warg
  1232 | D        | Noticed an orc sorcerer
  1254 | D        | Noticed a sun demon
  1260 | D        | Killed a troll
  1261 | D        | Killed an orc knight
  1261 | D        | Reached skill level 10 in Axes
  1261 | D        | Reached skill level 12 in Invocations
  1261 | D        | Reached XP level 8. HP: 38/78 MP: 1/17
  1266 | D        | Killed an orc sorcerer
  1266 | D        | Reached skill level 13 in Invocations
  1417 | D        | Got the +2 scimitar "Jasav" {venom, rElec rC+ MR+ SInv}
  1859 | D        | Noticed a freezing wraith
  1859 | D        | Noticed a deep troll
  1863 | D        | Killed a deep troll
  1863 | D        | Reached skill level 10 in Fighting
  1863 | D        | Reached skill level 14 in Invocations
  1863 | D        | Reached XP level 9. HP: 86/86 MP: 3/19
  1865 | D        | Killed a freezing wraith
  1878 | D        | Noticed a phantasmal warrior
  1885 | D        | Killed a phantasmal warrior
  1888 | D        | Reached skill level 15 in Invocations
  1893 | D        | Reached ****** piety under Fedhas
  1899 | D        | Killed a shadow wraith
  2277 | D        | Noticed a jumping spider
  2286 | D        | Noticed a boulder beetle
  2289 | D        | Killed a jumping spider
  2289 | D        | Reached skill level 10 in Armour
  2289 | D        | Reached XP level 10. HP: 96/96 MP: 7/21
  2292 | D        | Killed a boulder beetle
  2292 | D        | Reached skill level 1 in Spellcasting
  2292 | D        | Reached skill level 16 in Invocations
  2592 | D        | Noticed a black mamba
  2599 | D        | Killed an unseen horror
  2600 | D        | Killed a black mamba
  2666 | D        | Noticed an orc sorcerer
  2673 | D        | Killed an orc sorcerer
  2805 | D        | Noticed Joseph
  2805 | D        | Noticed a cyclops
  2811 | D        | Killed Joseph
  2815 | D        | Killed a cyclops
  2879 | D        | Reached skill level 17 in Invocations
  2966 | D        | Noticed a deep elf knight
  2967 | D        | Noticed a cyclops
  2970 | D        | Noticed a deep elf archer
  2972 | D        | Noticed a deep elf knight
  2982 | D        | Killed a deep elf knight
  2985 | D        | Killed a deep elf knight
  2985 | D        | Killed a cyclops
  2987 | D        | Noticed a deep elf mage
  2988 | D        | Killed a deep elf mage
  2999 | D        | Killed a deep elf archer
  3129 | D        | Noticed an elephant
  3129 | D        | Noticed a deep elf mage
  3129 | D        | Noticed Psyche
  3129 | D        | Noticed Sonja
  3129 | D        | Noticed a deep troll
  3129 | D        | Noticed a kobold demonologist
  3134 | D        | Reached XP level 11. HP: 105/105 MP: 3/23
  3135 | D        | Killed Psyche
  3138 | D        | Killed a deep troll
  3139 | D        | Killed a deep elf mage
  3139 | D        | Reached skill level 18 in Invocations
  3149 | D        | Killed Sonja
  3266 | D        | Upgraded the game from 0.26-a0-690-gcb57259078 to
                  | 0.26-a0-695-g987792ac36
  3394 | D        | Noticed a nagaraja
  3394 | D        | Noticed a spriggan air mage
  3394 | D        | Noticed a purple draconian
  3394 | D        | Noticed a death knight
  3394 | D        | Noticed the 27-headed Lernaean hydra
  3394 | D        | Noticed a white draconian stormcaller
  3396 | D        | Killed a death knight
  3398 | D        | Killed a spriggan air mage
  3400 | D        | Killed a purple draconian
  3400 | D        | Reached skill level 5 in Spellcasting
  3401 | D        | Killed the 27-headed Lernaean hydra
  3401 | D        | Reached skill level 10 in Dodging
  3401 | D        | Reached skill level 19 in Invocations
  3403 | D        | Killed a white draconian stormcaller
  3403 | D        | Reached skill level 15 in Axes
  3403 | D        | Killed a nagaraja
  3403 | D        | Reached XP level 12. HP: 72/117 MP: 3/25
  3415 | D        | Noticed an azure jelly
  3442 | D        | Killed an azure jelly
  3442 | D        | Reached skill level 20 in Invocations
  3761 | D        | Noticed an angel
  3761 | D        | Noticed an Orb Guardian
  3761 | D        | Noticed an Orb Guardian
  3761 | D        | Noticed an Orb Guardian
  3761 | D        | Noticed an Orb Guardian
  3764 | D        | Killed an Orb Guardian
  3764 | D        | Killed an Orb Guardian
  3765 | D        | Killed an angel
  3766 | D        | Killed an Orb Guardian
  3766 | D        | Reached skill level 15 in Fighting
  3766 | D        | Reached skill level 21 in Invocations
  3767 | D        | Killed an Orb Guardian
  3772 | D        | Noticed a death ooze
  3773 | D        | Noticed a hellephant
  3773 | D        | Noticed an Orb Guardian
  3773 | D        | Noticed a green draconian
  3773 | D        | Noticed an Orb Guardian
  3773 | D        | Noticed a deep elf master archer
  3777 | D        | Killed a death ooze
  3779 | D        | Killed an Orb Guardian
  3780 | D        | Killed an Orb Guardian
  3780 | D        | Reached skill level 22 in Invocations
  3780 | D        | Reached XP level 13. HP: 61/128 MP: 7/28
  3782 | D        | Killed a green draconian
  3784 | D        | Noticed a quicksilver dragon
  3785 | D        | Noticed a balrug
  3786 | D        | Noticed a titan
  3787 | D        | Killed a balrug
  3788 | D        | Killed a quicksilver dragon
  3789 | D        | Killed a titan
  3790 | D        | Noticed a lorocyproca
  3793 | D        | Noticed Louise
  3795 | D        | Noticed a bone dragon
  3798 | D        | Noticed an emperor scorpion
  3799 | D        | Killed a lorocyproca
  3800 | D        | Noticed an emperor scorpion
  3803 | D        | Noticed Jory
  3805 | D        | Noticed Khufu
  3805 | D        | Noticed a greater mummy
  3806 | D        | Killed a hellephant
  3806 | D        | Reached skill level 23 in Invocations
  3807 | D        | Killed Louise
  3807 | D        | Reached skill level 15 in Armour
  3813 | D        | Noticed a titan
  3813 | D        | Banished a titan
  3816 | D        | Killed a bone dragon
  3819 | D        | Noticed an emperor scorpion
  3822 | D        | Killed Khufu
  3822 | D        | Reached skill level 24 in Invocations
  3824 | D        | Killed Jory
  3824 | D        | Reached skill level 10 in Spellcasting
  3824 | D        | Reached XP level 14. HP: 58/140 MP: 13/30
  3826 | D        | Killed a greater mummy
  3826 | D        | Reached skill level 25 in Invocations
  3832 | D        | Killed a deep elf master archer
  4235 | D        | Noticed an Orb Guardian
  4244 | D        | Killed an Orb Guardian
  4244 | D        | Reached skill level 1 in Shields
  4465 | D        | Noticed an orb of fire
  4465 | D        | Noticed Ignacio
  4465 | D        | Noticed a Killer Klown
  4465 | D        | Noticed Aheivog the pandemonium lord
  4465 | D        | Noticed a reaper
  4466 | D        | Noticed an Orb Guardian
  4471 | D        | Killed an orb of fire
  4473 | D        | Killed a Killer Klown
  4473 | D        | Reached skill level 26 in Invocations
  4476 | D        | Annihilated by Aheivog the pandemonium lord

Illustrated notes

Levels and vault maps discovered:
D:        pitsprint [storerooms_1, entrance_room_1, metal_vault_1, armoury_2,
          mini_pit_1, grid_room_1, main_hall_1, silver_pit, the_coven_3,
          the_vestibule_1, steel_vault_5, golden_pit, hallway_of_sentries,
          crystal_vault_1, iron_vault_3, final_vault]

Skill      XL: |  1  2  3  4  5  6  7  8  9 10 11 12 13 14 |
---------------+-------------------------------------------+-----
Fighting       | 4 5 6 7 8 9 10 11 12 14 15 17 18 | 18.6
Armour         | 1 2 3 4 6 7 8 10 11 12 14 16 17 | 17.0
Dodging        | 3 4 5 6 7 8 9 10 11 13 | 13.8
Invocations    | 3 5 6 9 10 12 14 15 17 19 22 24 26 | 26.0
Axes           | 5 6 8 10 11 12 13 15 | 15.0
Spellcasting   | 3 5 8 10 | 10.9
Shields        | 4 |  4.9
Stealth        | |  1.5

Action                   |  1- 3 |  4- 6 |  7- 9 | 10-12 | 13-15 || total
-------------------------+-------+-------+-------+-------+-------++-------
Melee: Hand axe          |    17 |    12 |     9 |       |       ||    38
       War axe           |       |       |    11 |     5 |       ||    16
       Scimitar          |       |       |       |       |     9 ||     9
Invok: Wall of Briars    |     2 |     1 |     2 |     6 |     1 ||    12
       Grow Ballistomyce |     1 |     1 |     4 |     2 |     5 ||    13
       Grow Oklob        |       |       |     7 |    16 |    11 ||    34
       Overgrow          |       |       |       |       |     1 ||     1
Evoke: Phial of floods   |       |       |       |       |     1 ||     1
  Use: Potion            |       |       |     2 |     3 |    10 ||    15
 Stab: Distracted        |       |       |       |       |     1 ||     1
Armor: Robe              |     2 |       |       |       |       ||     2
       Chain mail        |       |     5 |     8 |    12 |     3 ||    28
Dodge: Dodged            |    15 |     8 |    14 |    22 |     6 ||    65
Block: Tower shield      |       |       |       |       |     2 ||     2

Table legend: (Time is in decaauts)
 A = Elapsed time spent in this place.
 B = Non-inter-level travel time spent in this place.
 C = Inter-level travel time spent in this place.
 D = Time resting spent in this place.
 E = Time spent auto-exploring this place.
 F = Levels seen in this place.
 G = Mean time per level.
                   A        B        C        D        E       F      G
               +--------+--------+--------+--------+--------+-----+--------+
         Total |   4498 |   4311 |    187 |   3124 |      0 |   1 | 4498.0 |
       Dungeon |   4498 |   4311 |    187 |   3124 |      0 |   1 | 4498.0 |
               +--------+--------+--------+--------+--------+-----+--------+

Top non-repeatable levels by time:
       D: 4498 daAuts
